 Dungeon Crawl Stone Soup version 0.26-a0-652-gafc20e3620 (webtiles) character file.

Game seed: 12545151714195283567

555 broness the Skirmisher (level 7, 47/63 HPs)
             Began as a Green Draconian Gladiator on Oct 3, 2020.
             Quit the game on level 4 of the Dungeon.
             The game lasted 00:07:42 (3461 turns).

broness the Skirmisher (Green Draconian Gladiator)  Turns: 3461, Time: 00:07:42

Health: 47/63      AC:  8    Str: 16    XL:     7   Next: 8%
Magic:  7/7        EV: 13    Int: 11    God:
Gold:   198        SH:  0    Dex: 12    Spells: 6/6 levels left

rFire    . . .     SeeInvis .   a - +0 quarterstaff
rCold    . . .     Faith    .   (shield currently unavailable)
rNeg     . . .     Spirit   .   (armour unavailable)
rPois    +         Reflect  .   b - +0 hat
rElec    .         Harm     .   (no cloak)
rCorr    .         Rampage  .   i - +1 pair of gloves
MR       .....                  (no boots)
Stlth    +.........             (no amulet)
HPRegen  0.20/turn              (no ring)
MPRegen  0.10/turn              (no ring)

@: no status effects
A: breathe noxious fumes, unfitting armour, poison resistance, cold-blooded, AC
+6
a: Breathe Noxious Fumes


You were on level 4 of the Dungeon.
You visited 1 branch of the dungeon, and saw 4 of its levels.

You collected 198 gold pieces.

Inventory:

Hand Weapons
 a - a +0 quarterstaff (weapon)
Missiles
 c - 3 throwing nets
 n - 10 poisoned darts
 o - 5 curare-tipped darts (quivered)
Armour
 b - a +0 hat (worn)
 i - a +1 pair of gloves (worn)
Jewellery
 g - a cursed -4 ring of strength {unknown}
 r - an uncursed amulet of reflection
Scrolls
 f - 3 scrolls of teleportation {unknown}
 h - 2 scrolls of enchant armour
 k - a scroll of immolation {unknown}
 m - a scroll of fear
 p - a scroll of magic mapping {unknown}
 s - a scroll of identify {unknown}
Potions
 d - 2 potions of stabbing {unknown}
 e - 3 potions of curing {unknown}
 j - 2 potions of lignification {unknown}
 l - a potion of might {unknown}
 q - a potion of invisibility
 t - a potion of cancellation {unknown}


   Skills:
 + Level 6.2 Fighting
 + Level 6.1 Staves
 - Level 1.7 Throwing
 - Level 2.6 Dodging


You had 6 spell levels left.
You didn't know any spells.
Your spell library contained the following spells:

 Spells                   Type           Power        Failure   Level
 Animate Skeleton         Necr           #.....       34%         1
 Apportation              Tloc           #.....       34%         1
 Corona                   Hex            #......      34%         1
 Summon Small Mammal      Summ           #...         34%         1


Dungeon Overview and Level Annotations

Branches:
Dungeon (4/15)
 Temple: D:4-7

Altars:
Kikubaaqudgha
Vehumet

Annotations:
D:4 Dowan, Duvessa


Innate Abilities, Weirdness & Mutations

You can breathe blasts of noxious fumes.
Your lurid green scales are hard. (AC +6)
You cannot fit into any form of body armour.
Your system is resistant to poisons. (rPois)
You are cold-blooded and may be slowed by cold attacks.


Message History

You hit Blork the orc.
You tail-slap Blork the orc, but do no damage.
Blork the orc is almost dead.
You kill Blork the orc!
Your Staves skill increases to level 6!
You have reached level 7!
Your scales start taking on a lurid green colour.
You learn Poison Magic much quicker.
You can breathe blasts of noxious fumes.
You feel resistant to poisons.
Unknown command.
There is a stone staircase leading up, spattered with blood here.
Items here: )) [[ ††.
You start resting.
An orc comes into view.
It is wielding a +0 dagger and wearing a +2 leather armour of magic resistance.
Press: ? - help, Shift-Dir - straight line, f - you
Okay, then.
There is a stone staircase leading up, spattered with blood here.
Items here: )) [[ ††.
Are you sure you want to abandon this character and quit the game? (Confirm with "yes".)

#.#.#####.....# #.
#.#.#####.#.### ##
#.#..[....#.###..
#>#######........
#######......##.....#..
#.......####.##........
## #.#####[# .........o
..##.#####.# #...{.#...
........##@# ###.### .o
#.##.##.# .. .
#.......# .## .
#.......# . #.#..#.## .
#.#.##.# #
######.#†##.#
............#
.......#.##.#


There were no monsters in sight!

Vanquished Creatures
  2 ogres (D:4)
  Blork the orc (D:4)
  An orc priest (D:3)
  3 orc wizards (D:4)
  Jessica (D:2)
  A worker ant (D:4)
  A hound skeleton (D:4)
  5 adders
  2 oozes
  3 worms
  4 dart slugs (D:1)
  A leopard gecko (D:2)
  2 orcs (D:3)
  11 bats
  2 giant cockroaches
  10 goblins
  8 hobgoblins
  A quokka (D:4)
  A ball python (D:3)
  6 frilled lizards
  9 kobolds
  A leopard gecko skeleton (D:3)
  8 rats
84 creatures vanquished.

Notes
Turn   | Place    | Note
-------+----------+-------------------------------------------
     0 | D:1      | broness the Draconian Gladiator began the quest for the
                  | Orb.
     0 | D:1      | Reached XP level 1. HP: 17/17 MP: 1/1
   301 | D:1      | Reached XP level 2. HP: 25/25 MP: 2/2
   656 | D:1      | Reached XP level 3. HP: 31/31 MP: 3/3
  1307 | D:2      | Noticed Jessica
  1318 | D:2      | Killed Jessica
  1318 | D:2      | Reached XP level 4. HP: 34/40 MP: 4/4
  1928 | D:3      | Found an ancient bone altar of Kikubaaqudgha.
  2450 | D:3      | Reached XP level 5. HP: 42/47 MP: 5/5
  2717 | D:4      | Found a radiant altar of Vehumet.
  2749 | D:4      | Noticed an ogre
  2755 | D:4      | Killed an ogre
  2755 | D:4      | Reached skill level 5 in Fighting
  2755 | D:4      | Reached skill level 5 in Staves
  2755 | D:4      | Reached XP level 6. HP: 56/56 MP: 6/6
  3044 | D:4      | Noticed Duvessa
  3047 | D:4      | Noticed Dowan
  3411 | D:4      | Noticed Blork the orc
  3434 | D:4      | Killed Blork the orc
  3434 | D:4      | Your scales start taking on a lurid green colour.
  3434 | D:4      | Reached XP level 7. HP: 42/63 MP: 7/7
  3434 | D:4      | Gained mutation: Your system is resistant to poisons.
                  | (rPois) [Green Draconian growth]
  3461 | D:4      | Quit the game

Illustrated notes

Levels and vault maps discovered:
D:1:      dpeg_arrival_brainrot, layout_rooms
D:2:      layout_loops_ring, kennysheep_doodads, uniq_jessica
D:3:      layout_loops_ring, kiku_gazebo_garden_becter,
          minmay_randomly_rotated_circles
D:4:      layout_loops_cross, marbit_many_paths,
          amethyst_overflow_temple_binary, minmay_temple_entry_nine_rooms,
          uniq_duvessa, uniq_blork_the_orc

Skill      XL: |  1  2  3  4  5  6 |
---------------+-------------------+-----
Fighting       | 3 4 5 6 |  6.2
Staves         | 4 5 6 |  6.1
Throwing       | |  1.7
Dodging        | |  2.6

Action                   |  1- 3 |  4- 6 |  7- 9 || total
-------------------------+-------+-------+-------++-------
Melee: Quarterstaff      |    91 |   146 |       ||   237
       Tailslap          |     7 |    21 |       ||    28
Throw: Dart              |       |    12 |       ||    12
  Use: Scroll            |       |     2 |       ||     2
 Stab: Sleeping          |     1 |       |       ||     1
Armor: Skin              |    29 |    40 |       ||    69
Dodge: Dodged            |    60 |   104 |       ||   164

Table legend: (Time is in decaauts)
 A = Elapsed time spent in this place.
 B = Non-inter-level travel time spent in this place.
 C = Inter-level travel time spent in this place.
 D = Time resting spent in this place.
 E = Time spent auto-exploring this place.
 F = Levels seen in this place.
 G = Mean time per level.
                   A        B        C        D        E       F      G
               +--------+--------+--------+--------+--------+-----+--------+
         Total |   3482 |   3322 |    160 |    586 |   2123 |   4 |  870.5 |
       Dungeon |   3482 |   3322 |    160 |    586 |   2123 |   4 |  870.5 |
               +--------+--------+--------+--------+--------+-----+--------+

Top non-repeatable levels by time:
     D:3: 1358 daAuts
     D:1: 854 daAuts
     D:2: 736 daAuts
     D:4: 532 daAuts
